Map: Persephone LE

Players

Geralt (Gerald)

  • Race: Protoss Protoss
  • League: Grandmaster
  • Spawn Location: 7:00

Zoun - Winner!

  • Race: Protoss Protoss
  • League: Master
  • Spawn Location: 11:00

Event: HomeStory Cup XXVII

VOD

Have the link to the VOD?

Description

Time

  • Played on: June 28, 2025, 7:58 a.m.
  • Length: 7:14

All games in this series

Show
View Real Time Build Order
Export as new Build Order

Geralt Protoss 

Build Orders: Oracle Opening, Blink Stalkers 

Get SALT Encoding   

  12  0:00  Probe  
  13  0:12  Probe  
  14  0:17  Pylon  
  14  0:23  Probe  
  15  0:31  Probe  
  15  0:36  Gateway  
  15  0:40  Probe  
  16  0:45  Assimilator  
  17  0:51  Probe  
  17  0:55  Assimilator  
  18  0:59  Probe  
  19  1:07  Gateway, Probe  
  20  1:18  Probe  
  20  1:24  Cybernetics Core  
  21  1:30  Probe  
  22  1:34  Pylon  
  22  1:43  Probe  
  23  1:55  Probe  
  23  1:57  Stalker x2  
  28  2:06  Warp Gate  
  28  2:07  Probe  
  29  2:13  Pylon  
  29  2:19  Probe  
  30  2:24  Pylon  
  30  2:31  Probe  
  31  2:38  Stargate  
  31  2:43  Probe  
  31  2:58  Nexus  
  31  3:00  Probe  
  32  3:11  Oracle  
  32  3:12  Twilight Council  
  32  3:14  Probe  
  33  3:26  Probe  
  37  3:30  Shield Battery  
  37  3:34  Pylon  
  37  3:38  Probe  
  37  3:39  Blink  
  38  3:51  Probe  
  39  3:55  Adept  
  39  3:59  Adept  
  43  4:05  Probe  
  45  4:22  Stalker x2  
  48  4:25  Shield Battery  
  48  4:32  Probe  
  50  4:42  Gateway  
  50  4:43  Shield Battery  
  49  4:48  Sentry, Stalker  
  51  5:02  Probe  
  51  5:04  Pylon  
  51  5:06  Assimilator  
  52  5:13  Stalker x2  
  54  5:20  Pylon  
  54  5:22  Shield Battery  
  51  5:36  Stalker x2  
  55  5:43  Probe  
  55  5:46  Probe  
  55  5:48  Stalker  
  59  5:55  Probe  
  56  6:04  Stalker x2  
  54  6:06  Probe  
  47  6:12  Stalker  
  47  6:13  Probe  
  47  6:15  Gateway  
  43  6:18  Probe  
  37  6:25  Probe  
  37  6:31  Stalker x2  
  30  6:43  Probe, Stalker  
  16  6:55  Probe, Stalker  
Show
View Real Time Build Order
Export as new Build Order

Zoun Protoss - Winner!

Build Orders: Phoenix Opening, Blink Stalkers 

Get SALT Encoding   

  12  0:00  Probe  
  13  0:12  Probe  
  14  0:17  Pylon  
  14  0:23  Probe  
  15  0:31  Probe  
  16  0:36  Gateway  
  16  0:39  Probe  
  16  0:45  Assimilator  
  17  0:50  Probe  
  17  0:54  Assimilator  
  18  0:59  Probe  
  19  1:07  Gateway, Probe  
  20  1:17  Probe  
  20  1:23  Cybernetics Core  
  21  1:29  Probe  
  22  1:33  Pylon  
  22  1:41  Probe  
  23  1:53  Probe  
  24  1:57  Stalker  
  24  2:00  Sentry  
  28  2:02  Warp Gate  
  28  2:05  Probe  
  29  2:10  Pylon  
  29  2:20  Pylon  
  29  2:33  Phoenix  
  29  2:34  Sentry  
  31  2:41  Nexus  
  31  2:49  Shield Battery  
  31  2:50  Probe  
  32  2:55  Sentry  
  34  3:01  Stalker  
  34  3:02  Probe  
  37  3:15  Twilight Council  
  37  3:17  Blink  
  37  3:22  Gateway  
  37  3:34  Pylon  
  37  3:35  Shield Battery  
  37  3:50  Stalker  
  39  3:57  Probe  
  39  4:02  Stalker  
  42  4:07  Probe  
  43  4:15  Stalker  
  45  4:20  Stalker  
  47  4:27  Gateway  
  47  4:34  Stalker  
  49  4:44  Stalker  
  47  4:47  Phoenix  
  47  4:48  Stalker  
  47  5:01  Stalker  
  49  5:10  Stalker  
  50  5:34  Stalker  
  52  5:42  Probe  
  53  5:45  Stalker  
  55  5:55  Stalker  
  49  6:11  Stalker x2  
  45  6:33  Stalker  
  47  6:40  Probe  
  46  6:47  Stalker  
  46  6:56  Stalker  
Tags
 
Add a new tag
Caveats
  • Supply blocks, unpowered buildings, or Contaminate may cause inaccurate times.
  • Supply counts are checked every 10 seconds.